 Dungeon Crawl Stone Soup version 0.30-a0-358-g0d69a1922f (webtiles) character file.

Game seed: 13984676511829243806

582 LutherGrant the Cutter (level 7, 0/37 HPs)
             Began as a Vine Stalker Fighter on Nov 8, 2022.
             Was a Follower of Zin.
             Slain by an orc
             ... wielding a +0 flail
              (6 damage)
             ... on level 4 of the Dungeon.
             The game lasted 00:10:51 (2713 turns).

LutherGrant the Cutter (Vine Stalker Fighter)       Turns: 2713, Time: 00:10:52

Health: 0/37       AC: 13    Str: 18    XL:     7   Next: 36%
Magic:  0/8        EV:  8    Int:  8    God:    Zin [*.....]
Gold:   146        SH:  0    Dex: 16    Spells: 6/6 levels left

rFire   . . .      SeeInvis .    y - +0 scimitar
rCold   . . .      Faith    .    (no shield)
rNeg    . . .      Spirit   +    u - +0 chain mail
rPois   .          Reflect  .    o - +0 helmet
rElec   .          Harm     .    r - +2 cloak
rCorr   .          Rampage  .    (no gloves)
Will    .....                    (no boots)
Stlth   ..........               (no amulet)
HPRegen 1.06/turn                (no ring)
MPRegen 0.11/turn                (no ring)

@: no status effects
A: fangs 2, regeneration 1, magic shield, antimagic bite, no potion heal 2
a: Renounce Religion, Recite, Donate Gold


You were on level 4 of the Dungeon.
You worshipped Zin.
Zin was aware of your devotion.
You visited 1 branch of the dungeon, and saw 4 of its levels.

You collected 162 gold pieces.
You donated 16 gold pieces to Zin.

Inventory:

Hand Weapons
 a - a +0 rapier
 y - a +0 scimitar (weapon)
Armour
 b - a +0 scale mail
 c - a +0 buckler
 d - a +0 cloak
 o - a +0 helmet (worn)
 r - a +2 cloak (worn)
 u - a +0 chain mail (worn)
Jewellery
 x - a ring of magical power
Wands
 w - a wand of mindburst (5)
Scrolls
 e - 2 scrolls of enchant armour {unknown}
 f - 5 scrolls of identify {unknown}
 g - 2 scrolls of noise {unknown}
 j - 2 scrolls of acquirement {unknown}
 k - a scroll of summoning {unknown}
 l - a scroll of poison {unknown}
 p - 2 scrolls of blinking {unknown}
 v - a scroll of immolation {unknown}
Potions
 h - 2 potions of curing
 i - a potion of invisibility {unknown}
 m - a potion of flight {unknown}
 n - 4 potions of brilliance {unknown}
 s - 2 potions of lignification {unknown}
 t - 2 potions of heal wounds {unknown}


   Skills:
 + Level 4.0 Fighting
 - Level 4.2 Short Blades
 * Level 0.0(2.5) Long Blades
 - Level 0.7 Staves
 + Level 3.4 Armour
 * Level 3.2 Dodging
 - Level 2.8 Shields


You had 6 spell levels left.
You didn't know any spells.
Your spell library contained the following spells:

 Spells                   Type           Power      Damage    Failure   Level
 Slow                     Hex            0%         N/A       99%         1
 Confusing Touch          Hex            0%         N/A       100%        3
 Vampiric Draining        Necr           0%         2d6       100%        3


Dungeon Overview and Level Annotations

Branches:
Dungeon (4/15)
 Temple: D:4-7

Altars:
Qazlal
Ru
Trog
Xom
Yredelemnul
Zin


Innate Abilities, Weirdness & Mutations

You have extremely sharp teeth.
Your natural rate of healing is unusually fast.
When hurt, damage is shared between your health and your magic reserves.
Your bite disrupts and absorbs the magic of your enemies.
Potions cannot restore your health.


Message History

You barely miss the orc priest. Your bite misses the orc priest.
The orc priest is heavily wounded.
The orc hits you but does no damage. The orc hits you with a +0 mace.
* * * LOW HITPOINT WARNING * * *
The orc priest hits you but does no damage.
The orc wizard falters for a moment.
You closely miss the orc priest. You bite the orc priest. You drain its power.
The orc priest is severely wounded.
The orc completely misses you. The orc barely misses you.
The orc priest barely misses you. The orc wizard barely misses you.
You closely miss the orc priest.
The orc priest is severely wounded.
The orc hits you with a +0 flail.
* * * LOW HITPOINT WARNING * * *
The orc hits you but does no damage.
The orc wizard hits you but does no damage.
The orc priest barely misses you. The orc priest closely misses you.
The orc hits you but does no damage. x2
The orc wizard hits you but does no damage.
You hit the orc priest. Your punch misses the orc priest.
Your bite misses the orc priest.
The orc priest is almost dead.
The orc barely misses you. x2
The orc priest miscasts a cantrip.
The orc wizard gestures wildly while chanting.
The orc wizard flickers and vanishes!
Deactivating autopickup; reactivate with Ctrl-A.
You slash something! Your bite misses something. The orc barely misses you.
The orc closely misses you.
The orc priest hits you but does no damage.
You hear some strange, mumbled words.
A puff of flame appears from out of thin air!
The puff of flame hits you!
* * * LOW HITPOINT WARNING * * *
You closely miss something. You bite something.
Reactivating autopickup.
You feel a bit more experienced.
You hear the rapid hiss of an avalanche of sand nearby.
The orc hits you with a +0 flail!
You die...

#.# #.#####
#.# #......
#.# #######
#.#######
###'#......
#.=†..#
#.....# ###
#.....# #..
#.@o..# #..
#o)o..# #..
#.....# ###
..#+#.# .#.
.# #.#. .#
# #. #.


You could see an orc priest and 2 orcs.

Vanquished Creatures
  Edmund (D:4)
  An ogre (D:4)
  A necrophage (D:3)
  Blork the orc (D:4)
  A howler monkey (D:4)
  Crazy Yiuf (D:2)
  Ijyb (D:4)
  Natasha (D:2)
  An orc wizard (D:4)
  6 adders
  A worm (D:3)
  3 dart slugs
  An orc (D:4)
  5 endoplasms
  2 giant cockroaches
  8 goblins
  11 hobgoblins
  5 jackals
  3 kobolds
  4 quokkas
  6 ball pythons
  6 bats
  6 frilled lizards
  4 rats
80 creatures vanquished.

Vanquished Creatures (others)
  An angel (D:3)
  14 plants (D:3)
15 creatures vanquished.

Grand Total: 95 creatures vanquished

Notes
Turn   | Place    | Note
-------+----------+-------------------------------------------
     0 | D:1      | LutherGrant the Vine Stalker Fighter began the quest for
                  | the Orb.
     0 | D:1      | Reached XP level 1. HP: 11/11 MP: 2/2
   110 | D:1      | Reached XP level 2. HP: 8/16 MP: 3/3
   345 | D:1      | Reached XP level 3. HP: 20/20 MP: 4/4
   358 | D:1      | Found a faded altar of an unknown god.
  1054 | D:2      | Reached skill level 1 in Dodging
  1161 | D:2      | Noticed Natasha
  1177 | D:2      | Killed Natasha
  1178 | D:2      | Gained mutation: Your natural rate of healing is unusually
                  | fast. [Vine Stalker growth]
  1178 | D:2      | Reached XP level 4. HP: 7/24 MP: 2/5
  1206 | D:2      | Found a runed translucent door.
  1207 | D:2      | Noticed Crazy Yiuf
  1215 | D:2      | Killed Crazy Yiuf
  1297 | D:3      | Noticed an angel
  1367 | D:3      | Reached XP level 5. HP: 28/28 MP: 6/6
  1693 | D:3      | Found a shimmering altar of Xom.
  1702 | D:3      | Found a glowing silver altar of Zin.
  1728 | D:3      | Became a worshipper of Zin the Law-Giver
  1728 | D:3      | Reached * piety under Zin
  1824 | D:3      | Killed an angel
  1874 | D:3      | Found a basalt altar of Yredelemnul.
  1874 | D:3      | Found a sacrificial altar of Ru.
  1874 | D:3      | Found a stormy altar of Qazlal.
  1903 | D:3      | Found a bloodstained altar of Trog.
  2259 | D:4      | Reached XP level 6. HP: 32/32 MP: 7/7
  2361 | D:4      | Noticed Ijyb
  2375 | D:4      | Killed Ijyb
  2426 | D:4      | Noticed Edmund
  2458 | D:4      | Killed Edmund
  2545 | D:4      | Reached XP level 7. HP: 16/37 MP: 4/8
  2596 | D:4      | Noticed Blork the orc
  2605 | D:4      | Killed Blork the orc
  2713 | D:4      | Slain by an orc

Illustrated notes

Levels and vault maps discovered:
D:1:      roderic_dead_forest, layout_rooms, shapermc_ecumenical_altar_petra
D:2:      layout_rooms, hangedman_abyss_or_decor_lesser_grid,
          uniq_crazy_yiuf_cottage, uniq_natasha
D:3:      layout_loops_ring, grunt_temple_overflow_order_and_chaos_1,
          trog_hazing_becter, gammafunk_temple_overflow_claw, serial_bayou,
          serial_bayou_lake_a, serial_bayou_pond_a, serial_bayou_shore_a,
          serial_bayou_lagoon_a
D:4:      layout_basic, kennysheep_orc_sif_temple, nicolae_ossuary_entry_plus,
          uniq_blork_the_orc, uniq_edmund, uniq_ijyb

Skill      XL: |  1  2  3  4  5  6  7 |
---------------+----------------------+-----
Short Blades   | 2 3 4 |  4.2
Fighting       | 3 4 |  4.0
Dodging        | 1 2 3 |  3.2
Armour         | 3 |  3.4
Staves         | |  0.7
Shields        | |  2.8

Action                   |  1- 3 |  4- 6 |  7- 9 || total
-------------------------+-------+-------+-------++-------
Melee: Rapier            |   103 |   111 |    10 ||   224
       Bite              |    28 |    44 |     8 ||    80
       Punch             |     1 |     2 |       ||     3
       Quarterstaff      |       |    34 |       ||    34
       Scimitar          |       |       |    18 ||    18
  Use: Potion            |       |     2 |       ||     2
Armor: Scale mail        |    59 |    24 |       ||    83
       Chain mail        |       |    68 |    26 ||    94
Dodge: Dodged            |    70 |    63 |    25 ||   158
Block: Buckler           |     6 |       |       ||     6

Table legend: (Time is in decaauts)
 A = Elapsed time spent in this place.
 B = Non-inter-level travel time spent in this place.
 C = Inter-level travel time spent in this place.
 D = Time resting spent in this place.
 E = Time spent auto-exploring this place.
 F = Levels seen in this place.
 G = Mean time per level.
                   A        B        C        D        E       F      G
               +--------+--------+--------+--------+--------+-----+--------+
         Total |   2814 |   2716 |     98 |      0 |   2082 |   4 |  703.5 |
       Dungeon |   2814 |   2716 |     98 |      0 |   2082 |   4 |  703.5 |
               +--------+--------+--------+--------+--------+-----+--------+

Top non-repeatable levels by time:
     D:3: 935 daAuts
     D:2: 792 daAuts
     D:4: 556 daAuts
     D:1: 530 daAuts
